 Dungeon Crawl Stone Soup version 0.27-a0-345-g7370b58738 (webtiles) character file.

Game seed: 15032948866499841789

39 Feb132020 the Firebug (level 3, 0/19 HPs)
             Began as a Tengu Fire Elementalist on Feb 15, 2021.
             Succumbed to a hobgoblin's poison
             ... on level 2 of the Dungeon.
             The game lasted 00:08:58 (1274 turns).

Feb132020 the Firebug (Tengu Fire Elementalist)     Turns: 1274, Time: 00:08:59

Health: 0/19       AC:  3    Str:  7 (8)  XL:     3   Next: 47%
Magic:  4/7        EV: 12    Int: 13 (16) God:
Gold:   66         SH:  0    Dex: 11 (14) Spells: 2/6 levels left

rFire    . . .     SeeInvis .   g - +0 short sword
rCold    . . .     Faith    .   (no shield)
rNeg     . . .     Spirit   .   a - +0 robe
rPois    .         Reflect  .   (helmet restricted)
rElec    .         Harm     .   i - +0 cloak
rCorr    .         Rampage  .   (no gloves)
Will     .....                  (boots unavailable)
Stlth    ++........             (no amulet)
HPRegen  0.06/turn              d - ring of flight
MPRegen  0.10/turn              (no ring)

@: lethally poisoned (0 -> -5)
A: beak, talons 3
a: Evoke Flight


You were on level 2 of the Dungeon.
You visited 1 branch of the dungeon, and saw 2 of its levels.

You collected 66 gold pieces.

Inventory:

Hand Weapons
 b - a +0 club
 g - a +0 short sword (weapon)
Armour
 a - a +0 robe (worn)
 i - a +0 cloak (worn)
Jewellery
 d - a ring of flight (left hand)
Scrolls
 f - a scroll of identify
 h - a scroll of noise {unknown}
 j - a scroll of magic mapping {unknown}
 k - a scroll of enchant weapon {unknown}


   Skills:
 + Level 2.4 Dodging
 + Level 2.1 Stealth
 + Level 2.3 Spellcasting
 + Level 2.0 Conjurations
 + Level 4.2 Fire Magic


You had 2 spell levels left.
You knew the following spells:

 Your Spells              Type           Power        Failure   Level
a - Foxfire               Conj/Fire      36%          7%          1
b - Conjure Flame         Conj/Fire      9%           21%         3

Your spell library contained the following spells:

 Spells                   Type           Power        Failure   Level
 Inner Flame              Hex/Fire       6%           30%         3
 Sticky Flame             Conj/Fire      9%           56%         4
 Fireball                 Conj/Fire      4%           88%         5


Dungeon Overview and Level Annotations

Branches:
Dungeon (2/15)

Altars:

Annotations:
D:2 Jessica


Innate Abilities, Weirdness & Mutations

You have a beak for a mouth.
You have claws for feet.


Message History

The hobgoblin is almost dead.
Unknown command.
Unknown command.
Unknown command.
Casting: Foxfire (safe; 7% risk of failure)
Confirm with . or Enter, or press ? or * to list all spells.
You conjure some foxfire!
You feel sick.
Casting: Foxfire (safe; 7% risk of failure)
Press: ? - help, Q - select action, (/) - cycle Dir - look around, f - activate You conjure some foxfire!
You feel sick.
The foxfire hits the hobgoblin but does no damage.
The hobgoblin is almost dead.
The foxfire hits the hobgoblin.
You kill the hobgoblin!
Your foxfire dissipates!
You feel sick.
You feel sick.
Things that are here:
17 poisoned darts; a +1 robe of willpower; a scroll labelled FINOIX PANLE You feel sick.
You feel sick.
You feel sick.
* * * LOW HITPOINT WARNING * * *
You feel sick.
* * * LOW HITPOINT WARNING * * *
You feel sick.
Found a stone staircase leading up.
* * * LOW HITPOINT WARNING * * *
You feel sick.
There is a lethal amount of poison in your body!
* * * LOW HITPOINT WARNING * * *
You feel sick.
* * * LOW HITPOINT WARNING * * *
You feel sick.
Unknown command.
* * * LOW HITPOINT WARNING * * *
You feel sick.
Unknown command.
You die...

#.......## ##
##.....## # ##...## #
####'#### # #.......#
# #.##.##.###### #
#.##........†.
###.#####.#...#.######
#....@.......(..#
#.#..........†#.#
.<....###........#
#...... #.###.####
###.### #.# #.# #. ..#
#.# # #### #.# #.# #.#


There were no monsters in sight!

Vanquished Creatures
  An adder (D:2)
  4 dart slugs
  A leopard gecko (D:2)
  3 bats
  2 giant cockroaches
  A goblin (D:1)
  4 hobgoblins
  A frilled lizard (D:1)
  3 kobolds
  2 rats
22 creatures vanquished.

Vanquished Creatures (others)
  64 foxfires
64 creatures vanquished.

Grand Total: 86 creatures vanquished

Notes
Turn   | Place    | Note
-------+----------+-------------------------------------------
     0 | D:1      | Feb132020 the Tengu Fire Elementalist began the quest for
                  | the Orb.
     0 | D:1      | Reached XP level 1. HP: 10/10 MP: 4/4
   176 | D:1      | Reached XP level 2. HP: 15/15 MP: 4/6
   659 | D:1      | Reached skill level 4 in Fire Magic
   985 | D:2      | Reached XP level 3. HP: 19/19 MP: 3/7
   989 | D:2      | Learned a level 3 spell: Conjure Flame
  1132 | D:2      | Noticed Jessica
  1274 | D:2      | Succumbed to a hobgoblin's poison

Illustrated notes

Levels and vault maps discovered:
D:1:      dpeg_arrival_tiny_g, layout_basic
D:2:      layout_loops_corners, uniq_jessica

Skill      XL: |  1  2  3 |
---------------+----------+-----
Fire Magic     | 4 |  4.2
Conjurations   | 2 |  2.0
Dodging        | |  2.4
Stealth        | |  2.1
Spellcasting   | |  2.3

Action                   || total
-------------------------++-------
Melee: Short sword       ||     7
       Kick              ||     2
 Cast: Foxfire           ||    39
  Use: Scroll            ||     1
       Potion            ||     3
 Stab: Sleeping          ||     3
Armor: Robe              ||     5
Dodge: Dodged            ||     8

Table legend: (Time is in decaauts)
 A = Elapsed time spent in this place.
 B = Non-inter-level travel time spent in this place.
 C = Inter-level travel time spent in this place.
 D = Time resting spent in this place.
 E = Time spent auto-exploring this place.
 F = Levels seen in this place.
 G = Mean time per level.
                   A        B        C        D        E       F      G
               +--------+--------+--------+--------+--------+-----+--------+
         Total |   1272 |   1262 |     10 |      0 |   1057 |   2 |  636.0 |
       Dungeon |   1272 |   1262 |     10 |      0 |   1057 |   2 |  636.0 |
               +--------+--------+--------+--------+--------+-----+--------+

Top non-repeatable levels by time:
     D:1: 785 daAuts
     D:2: 486 daAuts
